 Dungeon Crawl Stone Soup version 0.28-a0-697-g47f3eba078 (webtiles) character file.

Game seed: 14984932416554489716

149 SmokeWeed the Ducker (level 5, -7/53 HPs)
             Began as a Troll Fighter on Oct 24, 2021.
             Mangled by a gnoll (9 damage)
             ... on level 3 of the Dungeon.
             The game lasted 00:03:43 (1623 turns).

SmokeWeed the Ducker (Troll Fighter)                Turns: 1623, Time: 00:03:43

Health: -7/53      AC:  4    Str: 24    XL:     5   Next: 9%
Magic:  4/4        EV:  8    Int:  5    God:
Gold:   106        SH:  7    Dex:  9    Spells: 4/4 levels left

rFire   . . .      SeeInvis .   a - +0 flail
rCold   . . .      Faith    .   c - +0 kite shield
rNeg    . . .      Spirit   .   b - +0 robe
rPois   .          Reflect  .   (helmet restricted)
rElec   .          Harm     .   (no cloak)
rCorr   .          Rampage  .   (gloves unavailable)
Will    .....                   (boots unavailable)
Stlth   +.........              (no amulet)
HPRegen 1.17/turn               (no ring)
MPRegen 0.09/turn               (no ring)

@: no status effects
A: large, unfitting armour, claws 3, regeneration 1, shaggy fur 1, tough skin 1
a: no special abilities


You were on level 3 of the Dungeon.
You visited 1 branch of the dungeon, and saw 3 of its levels.

You collected 106 gold pieces.

Inventory:

Hand Weapons
 a - a +0 flail (weapon)
Missiles
 g - 80 stones (quivered)
Armour
 b - a +0 robe (worn)
 c - a +0 kite shield (worn)
Magical Staves
 e - a staff of earth
 i - a staff of cold
Scrolls
 f - a scroll of enchant armour {unknown}
Potions
 d - a potion of might
 h - a potion of curing {unknown}
 j - a potion of ambrosia {unknown}


   Skills:
 + Level 3.0 Fighting
 + Level 3.1 Maces & Flails
 + Level 0.3 Throwing
 + Level 3.2 Dodging
 + Level 0.1 Stealth
 + Level 3.0 Shields


You had 4 spell levels left.
You didn't know any spells.
Your spell library was empty.

Dungeon Overview and Level Annotations

Branches:
Dungeon (3/15)

Altars:
Kikubaaqudgha


Innate Abilities, Weirdness & Mutations

You are too large for most types of armour.
You have claws for hands.
Your natural rate of healing is unusually fast.
You are covered in fur. (AC +1)
You have tough skin. (AC +1)


Message History

The goblin hits you with a +0 dagger.
You hit the goblin but do no damage. The goblin completely misses you.
The gnoll hits you from afar with a +0 halberd.
You barely miss the goblin. The goblin hits you with a +0 dagger.
You block the gnoll's attack. The goblin hits you but does no damage.
You sock the goblin!
You kill the goblin!
The gnoll closely misses you.
Your shield prevents you from hitting the kobold.
The gnoll closely misses you. The kobold hits you with a +0 dagger.
The gnoll hits you from afar with a +0 halberd.
The kobold misses you.
You barely miss the kobold. You block the kobold's attack.
You barely miss the kobold.
The gnoll hits you from afar with a +0 halberd!
The kobold hits you but does no damage.
The gnoll hits you from afar with a +0 halberd.
* * * LOW HITPOINT WARNING * * *
The kobold barely misses you.
You hit the kobold but do no damage. You block the gnoll's attack.
The kobold barely misses you.
You sock the kobold!
You kill the kobold!
The gnoll hits you from afar with a +0 halberd!
* * * LOW HITPOINT WARNING * * *
The gnoll barely misses you. The gnoll barely misses you.
Things that are here:
a +0 dagger; a +0 whip You hit the gnoll but do no damage.
The gnoll barely misses you.
You closely miss the gnoll. The gnoll hits you with a +0 halberd!
* * * LOW HITPOINT WARNING * * *
You sock the gnoll!
The gnoll is severely wounded.
You block the gnoll's attack. The gnoll hits you with a +0 halberd!
* * * LOW HITPOINT WARNING * * *
You barely miss the gnoll.
The gnoll is severely wounded.
The gnoll hits you with a +0 halberd!
You die...

#.........#...# #....'.
#...........#..##....#
#..........###.......####
#..........# ###.........
#########..# #g..K##..###
#..####)##........ ####
#####.#...g.##..##.###
#... #.........####.##
#... #...........@g.#
#... #..........###.#
#### #.........## #...
#.........# ......
#.........# ........
#.......... ##.##..#
#..........# .# #..
............ .. #.
..#####..#..


You could see a gnoll.

Vanquished Creatures
  Ijyb (D:2)
  Robin (D:2)
  3 gnolls (D:3)
  2 dart slugs
  5 orcs (D:3)
  4 endoplasms
  A giant cockroach (D:1)
  18 goblins
  9 hobgoblins
  5 kobolds
  A quokka (D:2)
  5 ball pythons
  6 bats
  4 frilled lizards
  5 rats
70 creatures vanquished.

Vanquished Creatures (others)
  A fungus (D:1)
  4 plants (D:1)
5 creatures vanquished.

Grand Total: 75 creatures vanquished

Notes
Turn   | Place    | Note
-------+----------+-------------------------------------------
     0 | D:1      | SmokeWeed the Troll Fighter began the quest for the Orb.
     0 | D:1      | Reached XP level 1. HP: 22/22 MP: 0/0
    82 | D:1      | Reached XP level 2. HP: 29/29 MP: 1/1
   224 | D:1      | Found a faded altar of an unknown god.
   353 | D:1      | Reached XP level 3. HP: 36/36 MP: 2/2
   548 | D:1      | You fall into a shaft and drop 1 floor!
   620 | D:2      | Noticed Robin
   648 | D:2      | Killed Robin
   792 | D:2      | Found an ancient bone altar of Kikubaaqudgha.
  1000 | D:2      | Noticed Ijyb
  1017 | D:2      | Reached XP level 4. HP: 41/44 MP: 3/3
  1049 | D:2      | Killed Ijyb
  1607 | D:3      | Reached XP level 5. HP: 29/53 MP: 4/4
  1622 | D:3      | HP: 1/53 [gnoll (9)]
  1623 | D:3      | Mangled by a gnoll

Illustrated notes

Levels and vault maps discovered:
D:1:      scummos_arrival_simple_crosswalls, layout_basic,
          dreamdust_ecumenical_altar_grove, minmay_misc_feat_five
D:2:      kennysheep_the_goblin_king, layout_loops_ring, basic_altar, uniq_robin
D:3:      layout_rooms, hangedman_ru_absence, old_standard_altar,
          doesnt_xom_only_xom

Skill      XL: |  1  2  3  4 |
---------------+-------------+-----
Maces & Flails | 2 3 |  3.1
Dodging        | 3 |  3.2
Shields        | 3 |  3.0
Fighting       | 3 |  3.0
Throwing       | |  0.3
Stealth        | |  0.1

Action                   |  1- 3 |  4- 6 || total
-------------------------+-------+-------++-------
Melee: Flail             |   140 |   123 ||   263
Throw: Stone             |    16 |       ||    16
  Use: Scroll            |     3 |       ||     3
Armor: Robe              |    92 |    59 ||   151
Dodge: Dodged            |    77 |    57 ||   134
Block: Kite shield       |    74 |    64 ||   138

Table legend: (Time is in decaauts)
 A = Elapsed time spent in this place.
 B = Non-inter-level travel time spent in this place.
 C = Inter-level travel time spent in this place.
 D = Time resting spent in this place.
 E = Time spent auto-exploring this place.
 F = Levels seen in this place.
 G = Mean time per level.
                   A        B        C        D        E       F      G
               +--------+--------+--------+--------+--------+-----+--------+
         Total |   1752 |   1730 |     22 |      0 |   1065 |   3 |  584.0 |
       Dungeon |   1752 |   1730 |     22 |      0 |   1065 |   3 |  584.0 |
               +--------+--------+--------+--------+--------+-----+--------+

Top non-repeatable levels by time:
     D:2: 891 daAuts
     D:1: 589 daAuts
     D:3: 272 daAuts
